 Dungeon Crawl Stone Soup version 0.31.0-11-ge490571c62 (webtiles) character file.

Game seed: 1103724900723943904

44 stipulation the Grave Robber (level 3, -2/16 HPs)
             Began as a Vine Stalker Necromancer on Jan 29, 2024.
             Slain by a goblin
             ... wielding a +0 club
             ... led by Robin
              (5 damage)
             ... on level 2 of the Dungeon.
             The game lasted 00:02:26 (1457 turns).

stipulation the Grave Robber (VSNe)                 Turns: 1457, Time: 00:02:27

Health: -2/16      AC:  2    Str: 10    XL:     3   Next: 62%
Magic:  0/8        EV: 12    Int: 17    God:
Gold:   127        SH:  0    Dex: 14    Spells: 7/8 levels left

rFire   . . .        g - +0 dagger
rCold   . . .        (no shield)
rNeg    . . .        a - +0 robe
rPois   .            (no helmet)
rElec   .            (no cloak)
rCorr   .            (no gloves)
SInv    .            (no boots)
Will    .....        (no amulet)
Stlth   ++           (no ring)
HPRegen 1.02/turn    (no ring)
MPRegen 0.11/turn

%: guardian spirit
@: no status effects
A: fangs 2, regeneration 1, magic shield, antimagic bite, no potion heal 2
a: no special abilities


You were on level 2 of the Dungeon.
You visited 1 branch of the dungeon, and saw 2 of its levels.

You collected 127 gold pieces.

Inventory:

Hand Weapons
 g - a +0 dagger (weapon)
Armour
 a - a +0 robe (worn)
 d - an orb of light
Scrolls
 e - a scroll of teleportation {unknown}
 f - a scroll of fog {unknown}
Potions
 b - a potion of magic
 c - a potion of resistance {unknown}


   Skills:
 - Level 1.5 Dodging
 - Level 2.4 Stealth
 + Level 3.2 Spellcasting
 + Level 4.6 Necromancy


You had 7 spell levels left.
You knew the following spells:

 Your Spells              Type           Power      Damage    Failure   Level
a - Necrotise             Necr           72%        1d7       2%          1

Your spell library contained the following spells:

 Spells                   Type           Power      Damage    Failure   Level
 Vampiric Draining        Necr           18%        2d7       8%          3
 Animate Dead             Necr           18%        N/A       26%         4
 Curse of Agony           Necr           18%        N/A       56%         5


Dungeon Overview and Level Annotations

Branches:
Dungeon (2/15)

Altars:

Annotations:
D:1 2 transporters
D:2 1 runed translucent door, Crazy Yiuf, Robin


Innate Abilities, Weirdness & Mutations

You have extremely sharp teeth.
Your natural rate of healing is unusually fast.
When hurt, damage is shared between your health and your magic reserves.
Your bite disrupts and absorbs the magic of your enemies.
Potions cannot restore your health.


Message History

g - a +0 dagger Robin roars a battlecry!
The goblins go into a battle-frenzy!
The goblin closely misses you.
g - a +0 dagger (weapon)
Your goblin skeleton closely misses the goblin.
Your hobgoblin skeleton hits Robin but does no damage.
You hit the goblin.
The goblin is moderately wounded.
Robin throws the goblin at you! The goblin hits you with a +0 club.
Your hobgoblin skeleton hits the goblin.
Your hobgoblin skeleton barely misses Robin.
You swap places.
Your hobgoblin skeleton crumbles into dust!
Robin hits you with a +0 dagger.
The goblin hits something with a +0 club.
You completely miss Robin. You bite Robin. You drain their power.
You feel invigorated.
Robin is heavily wounded.
Your goblin skeleton crumbles into dust!
The goblin hits something with a +0 club.
You hit the hobgoblin.
The hobgoblin is lightly wounded.
Robin says, "We wiped out the hill dwarves - you're next!"
Robin hits you with a +0 dagger.
The goblin hits your hobgoblin skeleton with a +0 club.
Your hobgoblin skeleton is destroyed!
The hobgoblin hits you with a +0 club.
You closely miss the goblin. Your bite misses the goblin.
The goblin is moderately wounded.
The goblin barely misses you. Robin hits you with a +0 dagger.
The goblin closely misses you. The hobgoblin hits you with a +0 club.
The goblin hits you with a +0 club. Robin attacks as they pursue you!
Robin hits you with a +0 dagger. The goblin completely misses you.
Robin attacks as they pursue you! Robin hits you with a +0 dagger.
* * * LOW HITPOINT WARNING * * *
There is a stone staircase leading up here.
Robin throws the goblin at you! The goblin hits you with a +0 club.
You die...

#............. #.#...........
#. #.#..#...#### #.
#.#..#...####### #.#
#.#..#...'...... )..##
#.#..#...#######.#.#.#
#...###.#..#.#.#.....#.#.#.# #
...........#.#)#g###.#.#.#.# .#
................@..)........ .>
###..##.#....#.#.g.#.#.#.#.##.#
........######.#.#g..#.#.#...
.............#.#.#...#.#g#g##
######..####.#.#.#...).#..g.#
##..# #.#.#.#...#...#gg#
###.###.#.#.#.###.#.#gg#
♣♣####....##.#.#.......#.#gg#
♣....#.##....#.###.#####.#..#


You could see Robin, a hobgoblin (strong) and a goblin (strong).

Vanquished Creatures
  A dart slug (D:2)
  3 ball pythons
  6 endoplasms (D:1)
  5 hobgoblins
  A quokka (D:1)
  6 frilled lizards
  7 goblins
  2 kobolds (D:1)
  2 rats (D:1)
33 creatures vanquished.

Vanquished Creatures (collateral kills)
  A ball python (D:1)
  3 goblins (D:2)
  A rat (D:1)
5 creatures vanquished.

Grand Total: 38 creatures vanquished

Notes
Turn   | Place    | Note
-------+----------+-------------------------------------------
     0 | D:1      | stipulation the Vine Stalker Necromancer began the quest
                  | for the Orb.
     0 | D:1      | Reached XP level 1. HP: 9/9 MP: 4/4
   110 | D:1      | Reached XP level 2. HP: 11/13 MP: 0/6
   359 | D:1      | Found a faded altar of an unknown god.
   639 | D:1      | Reached XP level 3. HP: 16/16 MP: 4/8
  1159 | D:2      | Noticed Robin
  1368 | D:2      | Found a runed translucent door.
  1369 | D:2      | Noticed Crazy Yiuf
  1457 | D:2      | Slain by a goblin

Illustrated notes

Levels and vault maps discovered:
D:1:      spicycebolla_arrival_transporter_tutorial, layout_loops_ring,
          basic_ecumenical_altar
D:2:      layout_basic, uniq_robin, uniq_crazy_yiuf_cottage

Skill      XL: |  1  2  3 |
---------------+----------+-----
Spellcasting   | 3 |  3.2
Dodging        | |  1.5
Stealth        | |  2.4
Necromancy     | |  4.6

Action                     || total
---------------------------++-------
  Melee: Unarmed           ||     3
         Bite              ||     3
         Dagger            ||     4
   Cast: Necrotise         ||    66
 Armour: Robe              ||    23
  Dodge: Dodged            ||    23
